 Dungeon Crawl Stone Soup version 0.22.1-1-ga44c0e5 (webtiles) character file.

65 MalarOregon the Shield-Bearer (level 3, -6/33 HPs)
             Began as a Minotaur Fighter on Sept 21, 2018.
             Killed by divine providence
             ... invoked by an orc priest
              (16 damage)
             ... on level 3 of the Dungeon.
             The game lasted 00:02:01 (1356 turns).

MalarOregon the Shield-Bearer (Minotaur Fighter)    Turns: 1356, Time: 00:02:01

Health: -6/33      AC: 14    Str: 21    XL:     3   Next: 94%
Magic:  2/2        EV:  4    Int:  5    God:
Gold:   107        SH:  9    Dex:  9    Spells: 2/2 levels left

rFire    . . .     SeeInvis .   a - +0 long sword
rCold    . . .     Gourm    .   c - +0 shield
rNeg     . . .     Faith    .   o - +0 plate armour
rPois    .         Spirit   .   (helmet restricted)
rElec    .         Reflect  .   p - +0 cloak
rCorr    .         Harm     .   h - +0 pair of gloves
MR       .....                  (no boots)
Stlth    ..........             (no amulet)
HPRegen  0.11/turn              (no ring)
MPRegen  0.08/turn              (no ring)

@: no status effects
A: retaliatory headbutt, horns 2
a: no special abilities


You were on level 3 of the Dungeon.
You were not hungry.

You visited 1 branch of the dungeon, and saw 3 of its levels.

You collected 107 gold pieces.

Inventory:

Hand Weapons
 a - a +0 long sword (weapon)
Armour
 c - a +0 shield (worn)
 h - a +0 pair of gloves (worn)
   (You found it on level 1 of the Dungeon)
 o - a +0 plate armour (worn)
   (You found it on level 2 of the Dungeon)
 p - a +0 cloak (worn)
   (You found it on level 2 of the Dungeon)
Jewellery
 g - an uncursed ring of fire
   (You found it on level 1 of the Dungeon)
Scrolls
 b - a scroll of enchant armour {unknown}
 i - 3 scrolls of remove curse {unknown}
 j - 2 scrolls of identify {unknown}
 l - 2 scrolls of teleportation {unknown}
 m - a scroll of random uselessness {unknown}
Potions
 d - a potion of might
 k - a potion of resistance {unknown}
 n - a potion of agility {unknown}
 q - a potion of brilliance {unknown}
 r - a potion of berserk rage {unknown}
Comestibles
 e - 4 rations {!d}
 f - a chunk of flesh


   Skills:
 + Level 4.0 Fighting
 * Level 3.5 Long Blades
 + Level 1.0 Throwing
 + Level 3.9 Armour
 + Level 1.0 Dodging
 * Level 4.3 Shields


You had 2 spell levels left.
You didn't know any spells.
Your spell library was empty.

Dungeon Overview and Level Annotations

Branches:
Dungeon (3/15)

Altars:
Ashenzari


Innate Abilities, Weirdness & Mutations

You reflexively headbutt those who attack you in melee.
You have a pair of horns on your head.


Message History

You block the bat's attack. You block the bat's attack.
An orc comes into view. It is wielding a flail.
The orc shouts!
You hear a shout!
You block the bat's attack.
An orc comes into view. It is wielding a flail.
An orc comes into view. It is wielding a short sword.
Found a shattered altar of Ashenzari.
An orc and an orc priest come into view.
The orc shouts! x3; The orc priest shouts!
You block the bat's attack.
You miss the bat. You headbutt the bat.
You kill the bat!
The orc priest hits you but does no damage.
The orc hits you but does no damage.
You closely miss the orc.
The orc priest hits you from afar with a trident.
The orc hits you but does no damage. You block the orc's attack.
The orc barely misses you.
Your shield and plate armour prevent you from hitting the orc.
Your headbutt misses the orc.
The orc priest mumbles some strange prayers to Beogh against you.
Beogh smites you! You block the orc's attack. x2
The orc hits you but does no damage. x2
Your shield and plate armour prevent you from hitting the orc.
You block the orc's attack.
The orc priest hits you but does no damage.
The orc hits you with a flail. The orc hits you but does no damage.
The orc barely misses you. You furiously retaliate!
You headbutt the orc!
You kill the orc!
Your Fighting skill increases to level 4!
You block the orc's attack.
The orc priest calls down the wrath of Beogh upon you.
Pain shoots through your body!
* * * LOW HITPOINT WARNING * * *
The orc hits you but does no damage.
You hit the orc. The orc hits you but does no damage.
You block the orc's attack.
The orc priest hits you but does no damage.
The orc hits you but does no damage.
You closely miss the orc. Your headbutt misses the orc.
You block the orc's attack. x2; The orc priest barely misses you.
You block the orc's attack. The orc hits you with a flail.
* * * LOW HITPOINT WARNING * * *
You slash the orc!
You kill the orc!
The orc hits you but does no damage. You block the orc's attack.
The orc priest calls down the wrath of Beogh upon you.
Beogh smites you!
You die...

#.# #########.#
####......##.#
............##
###.####......# ##
##.....##.##..###....
#.......#.........?..
#.....o.#..#.<##.....
...._.)@......# ##.#
#....oo)#..#..#
#.......#..#.##
##.....##..... ###.##
#.##.## ... ..##.#
##. ####.# ..


You could see an orc priest and 2 orcs.

Vanquished Creatures
  An adder (D:2)
  An adder skeleton (D:2)
  2 worms (D:2)
  A dart slug (D:1)
  2 orcs (D:3)
  2 ball pythons
  2 giant cockroaches (D:1)
  A goblin (D:2)
  5 hobgoblins
  8 jackals (D:2)
  A quokka (D:2)
  7 bats
  3 frilled lizards (D:1)
  3 kobolds
  5 rats
44 creatures vanquished.

Notes
Turn   | Place    | Note
-------+----------+-------------------------------------------
     0 | D:1      | MalarOregon the Minotaur Fighter began the quest for the
                  | Orb.
     0 | D:1      | Reached XP level 1. HP: 19/19 MP: 0/0
   222 | D:1      | Reached XP level 2. HP: 27/27 MP: 1/1
   856 | D:2      | Reached XP level 3. HP: 32/33 MP: 2/2
  1071 | D:2      | Found a faded altar of an unknown god.
  1101 | D:2      | Reached skill level 1 in Dodging
  1191 | D:2      | Reached skill level 1 in Throwing
  1346 | D:3      | Found a shattered altar of Ashenzari.
  1356 | D:3      | Killed from afar by an orc priest

Skill      XL: |  1  2  3 |
---------------+----------+-----
Shields        | 4 |  4.3
Long Blades    | 3 |  3.5
Dodging        | 1 |  1.0
Throwing       | 1 |  1.0
Fighting       | 4 |  4.0
Armour         | |  3.9

Action                   || total
-------------------------++-------
Melee: Long sword        ||   116
       Headbutt          ||    19
  Eat: Chunk             ||     2
Armor: Scale mail        ||    25
       Plate armour      ||    83
Dodge: Dodged            ||    39
Block: Shield            ||    84
       Rpst.: Long sword ||    15
